 Dungeon Sprint DCSS version 0.19.0 (webtiles) character file.

1255 dohliylev the Cleaver (level 8, -1/81 HPs)
             Began as a Minotaur Fighter on Nov 1, 2016.
             Was a Follower of Okawaru.
             Slain by a centaur warrior (9 damage)
             ... in the Dungeon (Sprint I: "Red Sonja").
             The game lasted 00:04:39 (818 turns).

dohliylev the Cleaver (Minotaur Fighter)             Turns: 818, Time: 00:04:39

Health: -1/81      AC: 12    Str: 22    XL:     8   Next: 26%
Magic:  7/7        EV:  8    Int:  5    God:    Okawaru [*.....]
Gold:   405        SH: 12    Dex: 11    Spells: 0 memorised, 7 levels left

rFire  . . .     SeeInvis .     a - +0 war axe
rCold  . . .     Gourm    .     m - +0 chain mail
rNeg   . . .     Faith    .     c - +0 shield
rPois  .         Spirit   .     (helmet restricted)
rElec  .         Reflect  .     (no cloak)
rCorr  .         Harm     .     (no gloves)
MR     .....     NoTele   +     (no boots)
Stlth  ..........               (no amulet)
                                (no ring)
                                (no ring)

@: no status effects
A: retaliatory headbutt, horns 2
a: Heroism, Renounce Religion


You were in the Dungeon.
You worshipped Okawaru.
Okawaru was aware of your devotion.
You were not hungry.

You visited 1 branch You collected 405 gold pieces.

Inventory:

Hand Weapons
 a - a +0 war axe (weapon)
Armour
 c - a +0 shield (worn)
 m - a +0 chain mail (worn)
Scrolls
 k - a scroll of blinking
Potions
 d - a potion of might
 e - a potion of curing
 g - a potion of heal wounds
 h - a potion of haste
 i - 2 potions of magic
 j - a potion of berserk rage
Comestibles
 b - 4 chunks of flesh
 f - a bread ration
 l - a meat ration


   Skills:
 + Level 10.6 Fighting
 + Level 12.3 Axes
 + Level 11.8 Armour
 + Level 2.9 Dodging
 + Level 0.6 Stealth
 + Level 9.7 Shields


You had 7 spell levels left.
You didn't know any spells.

Dungeon Overview and Level Annotations

Branches:
Dungeon (1/1)

Altars:
Cheibriados
Dithmenos
Elyvilon
Fedhas
Gozag
Hepliaklqana
Kikubaaqudgha
Makhleb
Nemelex Xobeh
Okawaru
Qazlal
Ru
Sif Muna
Trog
Uskayaw
Vehumet
Xom
Yredelemnul
Zin
The Shining One
Jiyva
Lugonu

Shops:
D (


Innate Abilities, Weirdness & Mutations

You reflexively headbutt those who attack you in melee.
You have a pair of horns on your head.


Message History

You slash the centaur warrior!
The centaur warrior is moderately wounded.
You barely miss the centaur warrior. The centaur warrior barely misses you.
You block the centaur warrior's attack. x2
You hit the centaur warrior but do no damage.
The centaur warrior is moderately wounded.
You slash the centaur warrior! The centaur warrior hits you!
* * * LOW HITPOINT WARNING * * *
You block the centaur warrior's attack.
Your unstable footing causes you to fumble your attack.
The centaur warrior hits you but does no damage.
The centaur warrior barely misses you. You furiously retaliate!
You headbutt the centaur warrior!
The centaur warrior hits you but does no damage.
You slash the centaur warrior!
The centaur warrior is heavily wounded.
You completely miss the centaur warrior.
The centaur warrior closely misses you. You furiously retaliate!
You headbutt the centaur warrior! The centaur warrior hits you!
You die...

########################
.#..'..#..'..#__#..')..#
.'[.#..').#..'..'..#)..#
)#####'#####'#__####...+
.####..#...#.####§[#####
.#__####..##[#§§§§.#
.#_____##'#..'§§§c§+
⌠#_.∩...÷...§#§§@c§#
##_..__##_.#+##+####
#_____###+# #######


You could see 2 centaur warriors.

Vanquished Creatures
  2 kobold demonologists (D)
  A slime creature (D)
  Sigmund (D)
  A yak (D)
  A floating eye (D)
  An ogre (D)
  A jelly (D)
  Ijyb (D)
9 creatures vanquished.

Notes
Turn   | Place    | Note
-------+----------+-------------------------------------------
     0 | D        | dohliylev the Minotaur Fighter began the quest for the Orb.
     0 | D        | Reached XP level 1. HP: 19/19 MP: 0/0
     1 | D        | Noticed Ijyb
     9 | D        | Killed Ijyb
     9 | D        | Reached skill level 5 in Fighting
     9 | D        | Reached skill level 3 in Axes
     9 | D        | Reached skill level 5 in Armour
     9 | D        | Reached skill level 5 in Shields
     9 | D        | Reached XP level 2. HP: 22/29 MP: 1/1
    94 | D        | Noticed an ogre
    98 | D        | HP: 1/29 [ogre/giant spiked club (22)]
   108 | D        | Killed an ogre
   108 | D        | Reached skill level 5 in Axes
   108 | D        | Reached XP level 3. HP: 3/38 MP: 2/2
   108 | D        | Reached XP level 4. HP: 3/45 MP: 3/3
   395 | D        | Noticed Sigmund
   403 | D        | Killed Sigmund
   403 | D        | Reached skill level 7 in Axes
   403 | D        | Reached XP level 5. HP: 39/56 MP: 4/4
   403 | D        | Reached XP level 6. HP: 43/62 MP: 5/5
   506 | D        | Found a deep blue altar of Sif Muna.
   508 | D        | Found a radiant altar of Vehumet.
   727 | D        | Found Meastriot's Antique Weapon Emporium.
   727 | D        | Found an ancient bone altar of Kikubaaqudgha.
   727 | D        | Found a hazy altar of Hepliaklqana.
   727 | D        | Found a hide-covered altar of Uskayaw.
   727 | D        | Found a basalt altar of Yredelemnul.
   727 | D        | Found an opulent altar of Gozag.
   727 | D        | Found a snail-covered altar of Cheibriados.
   727 | D        | Found a sacrificial altar of Ru.
   727 | D        | Found a shadowy altar of Dithmenos.
   727 | D        | Noticed a yak
   730 | D        | Found a stormy altar of Qazlal.
   730 | D        | Found a blossoming altar of Fedhas.
   730 | D        | Found a bloodstained altar of Trog.
   730 | D        | Found an iron altar of Okawaru.
   730 | D        | Found a glowing golden altar of the Shining One.
   730 | D        | Found a glowing silver altar of Zin.
   730 | D        | Found a white marble altar of Elyvilon.
   733 | D        | Killed a yak
   733 | D        | Reached skill level 8 in Axes
   733 | D        | Reached skill level 10 in Armour
   733 | D        | Reached skill level 1 in Dodging
   737 | D        | Found a sparkling altar of Nemelex Xobeh.
   742 | D        | Became a worshipper of Warmaster Okawaru
   760 | D        | Found a viscous altar of Jiyva.
   760 | D        | Found a corrupted altar of Lugonu.
   760 | D        | Noticed a slime creature
   761 | D        | Found a burning altar of Makhleb.
   761 | D        | Found a shimmering altar of Xom.
   766 | D        | Killed a slime creature
   766 | D        | Reached skill level 10 in Axes
   766 | D        | Reached XP level 7. HP: 64/71 MP: 6/6
   781 | D        | Noticed a kobold demonologist
   782 | D        | Noticed a kobold demonologist
   784 | D        | Noticed a ynoxinul
   786 | D        | Reached skill level 10 in Fighting
   787 | D        | Noticed an ice devil
   789 | D        | Killed a kobold demonologist
   789 | D        | Reached * piety under Okawaru
   789 | D        | Reached skill level 11 in Axes
   789 | D        | Reached XP level 8. HP: 73/80 MP: 7/7
   795 | D        | Killed a kobold demonologist
   795 | D        | Reached skill level 12 in Axes
   809 | D        | Noticed a centaur warrior
   809 | D        | Noticed a centaur warrior
   818 | D        | Slain by a centaur warrior

Skill      XL: |  1  2  3  4  5  6  7  8 |
---------------+-------------------------+-----
Fighting       | 5 6 8 9 10 | 10.6
Axes           | 3 5 7 10 11 12 | 12.3
Armour         | 5 7 8 10 11 | 11.8
Shields        | 5 6 8 9 |  9.7
Dodging        | 1 2 |  2.9
Stealth        | |  0.6

Action                   |  1- 3 |  4- 6 |  7- 9 || total
-------------------------+-------+-------+-------++-------
Melee: War axe           |    14 |    22 |    19 ||    55
       Headbutt          |     1 |     7 |     3 ||    11
Armor: Scale mail        |     2 |       |       ||     2
       Chain mail        |       |       |    15 ||    15
Dodge: Dodged            |     3 |     3 |    11 ||    17
Block: Shield            |     8 |    10 |    20 ||    38
